 Dungeon Crawl Stone Soup version 0.31.0-11-ge490571c62 (webtiles) character file.

Game seed: 3353981003709607308

350 qw the Skirmisher (level 6, 0/35 HPs)
             Began as a Deep Elf Hunter on Feb 4, 2024.
             Incinerated by a bombardier beetle (1 damage)
             ... with a burning spray
             ... on level 4 of the Dungeon.
             The game lasted 00:00:09 (2561 turns).

qw the Skirmisher (Deep Elf Hunter)                 Turns: 2561, Time: 00:00:10

Health: 0/35       AC:  7    Str: 10    XL:     6   Next: 34%
Magic:  8/8        EV: 11    Int: 14    God:
Gold:   129        SH:  0    Dex: 18    Spells: 5/5 levels left

rFire   + + .        a - +1 shortbow (heavy)
rCold   . . .        (shield currently unavailable)
rNeg    . . .        q - +0 ring mail
rPois   .            g - +0 helmet
rElec   .            l - +0 cloak
rCorr   .            (no gloves)
SInv    .            (no boots)
Will    .....        (no amulet)
Stlth   +            h - ring of protection from fire
HPRegen 0.25/turn    n - ring of protection from fire
MPRegen 0.11/turn

%: no passive effects
@: on fire, glowing
A: no striking features
a: no special abilities


You were on level 4 of the Dungeon.
You visited 1 branch of the dungeon, and saw 4 of its levels.

You collected 129 gold pieces.


   Skills:
 - Level 2.0 Fighting
 + Level 9.2 Ranged Weapons
 - Level 1.4 Armour
 - Level 3.1 Dodging
 - Level 1.2 Stealth


You had 5 spell levels left.
You didn't know any spells.
Your spell library was empty.

Inventory:

Hand Weapons
 a - a +1 heavy shortbow (weapon)
Armour
 g - a +0 helmet (worn)
 l - a +0 cloak (worn)
 q - a +0 ring mail (worn)
Jewellery
 h - a ring of protection from fire (left hand)
 n - a ring of protection from fire (right hand)
Wands
 c - a wand of flame (15)
 f - a wand of iceblast (7)
Potions
 d - a potion of curing
 m - a potion of heal wounds

Dungeon Overview and Level Annotations

Branches:
Dungeon (4/15)
 Temple: D:4-7

Altars:
Dithmenos
Uskayaw
Vehumet


Message History

The liquid fire burns you!
You are on fire!
The liquid fire burns you!
You are on fire!
The liquid fire burns you!
You are on fire!
The liquid fire burns you!
You are on fire!
The liquid fire burns you!
You are on fire!
The liquid fire burns you!
You are on fire!
The liquid fire burns you!
You are on fire!
The liquid fire burns you!
You are on fire!
The liquid fire burns you!
You are on fire!
The liquid fire burns you!
You are on fire!
The liquid fire burns you!
You are on fire!
The liquid fire burns you!
You are on fire!
The liquid fire burns you!
You are on fire!
The liquid fire burns you!
You are on fire!
The liquid fire burns you!
You are on fire!
The liquid fire burns you!
You are on fire!
The liquid fire burns you!
You are on fire!
The liquid fire burns you!
You are on fire!
The liquid fire burns you!
You are on fire!
The liquid fire burns you!
You die...

******#.#*#.......##...........#
,,,,,,...,##.....###.####.####.##
******#.#....B...# #.# #.# #... #
#...####.#.# #.# #.# ###. # *,#**
#.#.###.####.# #.
####***,*****#.%.......?..# ##.
....,,,,,,,,,..#.....#**#######.#
....,,,,******,#..###### #.....##
####***** *,#@......# #.####.# #
*,##.####.# #.# ##. ###*** *,*#.#
#.# #.# #. ...,,* *,*#.# #.# #.#
#. ###*,* *,*#.# #.###.## #. #
*,* *,*#.# #.....<# #. # *,*
*,*#.#*######..# #. *,*
##.#............####. *,*
##.#K#####...........


There were no monsters in sight!

Vanquished Creatures
  3 bombardier beetles
  A hound (D:4)
  Jessica (D:2)
  2 orc wizards (D:3)
  A sleepcap (D:4)
  A statue (D:4)
  5 adders
  A ribbon worm (D:4)
  A dart slug (D:4)
  2 orcs (D:2)
  4 bats
  6 endoplasms
  2 giant cockroaches (D:2)
  10 goblins
  2 hobgoblins
  3 kobolds
  4 quokkas
  5 ball pythons
  4 frilled lizards
  6 rats
64 creatures vanquished.

Notes
Turn   | Place    | Note
-------+----------+-------------------------------------------
     0 | D:1      | qw the Deep Elf Hunter began the quest for the Orb.
     0 | D:1      | Reached XP level 1. HP: 12/12 MP: 3/3
     0 | D:1      | 0 ||| qw: Version: 0.3-a-160-g6735b56
     0 | D:1      | 0 ||| qw: Game counter: 5637
     0 | D:1      | 0 ||| qw: Melee chars always use a shield: true
     0 | D:1      | 0 ||| qw: God list: Okawaru
     0 | D:1      | 0 ||| qw: Allow faded altars: false
     0 | D:1      | 0 ||| qw: Do Orc after clearing Dungeon:15 true
     0 | D:1      | 0 ||| qw: Do second Lair branch before Depths: true
     0 | D:1      | 0 ||| qw: Lair rune preference: random
     0 | D:1      | 0 ||| qw: Goals: Normal
     0 | D:1      | 0 ||| PLANNING D:1-11
   164 | D:1      | Reached XP level 2. HP: 16/16 MP: 4/4
   166 | D:1      | Reached skill level 6 in Ranged Weapons
   492 | D:1      | 492 ||| UPGRADING to +0 helmet.
   497 | D:1      | 497 ||| UPGRADING to ring of protection from fire.
   498 | D:1      | 498 ||| READING 2 scrolls labelled ZABBIA IMEO.
   498 | D:1      | 498 ||| IDENTIFYING fizzy orange potion
   499 | D:1      | 499 ||| READING scroll of identify.
   499 | D:1      | 499 ||| IDENTIFYING pink potion
   500 | D:1      | 500 ||| READING scroll labelled NAYDASALL JIUL.
   500 | D:1      | 500 ||| BRANDING +0 shortbow.
   501 | D:1      | 501 ||| READING scroll labelled MUNUUK IKHLAQ.
   602 | D:1      | 602 ||| DROPPING scroll of butterflies.
   603 | D:1      | 603 ||| DROPPING potion of lignification.
   604 | D:1      | 604 ||| DROPPING potion of magic.
   652 | D:2      | 652 ||| STAIRDANCE
   990 | D:2      | Reached XP level 3. HP: 20/20 MP: 5/5
  1122 | D:2      | Noticed Jessica
  1125 | D:2      | Killed Jessica
  1126 | D:2      | Reached skill level 7 in Ranged Weapons
  1166 | D:2      | Reached XP level 4. HP: 25/25 MP: 6/6
  1398 | D:2      | 1398 ||| UPGRADING to +2 robe of willpower.
  1408 | D:2      | 1408 ||| DROPPING +0 leather armour.
  1409 | D:2      | 1409 ||| UPGRADING to +0 cloak.
  1414 | D:2      | 1414 ||| READING scroll of identify.
  1414 | D:2      | 1414 ||| IDENTIFYING fuming orange potion
  1415 | D:2      | 1415 ||| READING scroll labelled KUADGH VILUE.
  1457 | D:2      | 1457 ||| READING scroll labelled RAYG MIVANNARU.
  1458 | D:2      | 1458 ||| READING scroll labelled VIREIT BIBA.
  1559 | D:2      | 1559 ||| DRINKING 2 emerald potions.
  1583 | D:3      | 1583 ||| STAIRDANCE
  1588 | D:3      | 1588 ||| STAIRDANCE
  1641 | D:3      | 1641 ||| STAIRDANCE
  1646 | D:2      | Reached skill level 8 in Ranged Weapons
  1658 | D:3      | Reached skill level 3 in Dodging
  1658 | D:3      | Reached XP level 5. HP: 17/29 MP: 7/7
  1686 | D:3      | 1686 ||| STAIRDANCE
  1893 | D:3      | Found a hide-covered altar of Uskayaw.
  1898 | D:3      | You fall into a shaft and drop 1 floor!
  1926 | D:4      | Found a shadowy altar of Dithmenos.
  1988 | D:4      | 1988 ||| READING scroll of brand weapon.
  1988 | D:4      | 1988 ||| BRANDING +0 shortbow of electrocution.
  2180 | D:4      | Found a radiant altar of Vehumet.
  2180 | D:4      | Noticed a charred statue
  2182 | D:4      | Killed a charred statue
  2183 | D:4      | Reached skill level 9 in Ranged Weapons
  2202 | D:4      | 2202 ||| UPGRADING to +0 ring mail.
  2212 | D:4      | 2212 ||| DROPPING +2 robe of willpower.
  2213 | D:4      | 2213 ||| DROPPING ring of wizardry.
  2214 | D:4      | 2214 ||| UPGRADING to ring of protection from fire.
  2215 | D:4      | 2215 ||| READING 2 scrolls of identify.
  2215 | D:4      | 2215 ||| IDENTIFYING metallic grey potion
  2216 | D:4      | 2216 ||| READING scroll of identify.
  2216 | D:4      | 2216 ||| IDENTIFYING scroll labelled SUSARCH LOECK
  2217 | D:4      | 2217 ||| READING scroll of enchant weapon.
  2217 | D:4      | 2217 ||| ENCHANTING +0 heavy shortbow.
  2218 | D:4      | 2218 ||| READING scroll labelled YNOAL RAARA.
  2219 | D:4      | 2219 ||| READING scroll labelled ATTAKH FYNEYD.
  2220 | D:4      | 2220 ||| READING scroll labelled TEURUE MAOHEUN.
  2223 | D:4      | 2223 ||| DROPPING potion of degeneration.
  2270 | D:4      | 2270 ||| FLEEEEING.
  2290 | D:3      | Reached XP level 6. HP: 35/35 MP: 8/8
  2306 | D:3      | Reached skill level 1 in Armour
  2446 | D:3      | 2446 ||| READING scroll of identify.
  2446 | D:3      | 2446 ||| IDENTIFYING white potion
  2447 | D:3      | 2447 ||| DROPPING potion of brilliance.
  2529 | D:4      | 2529 ||| FLEEEEING.
  2552 | D:4      | HP: 8/35 [burnt (1)]
  2557 | D:4      | HP: 4/35 [burnt (1)]
  2560 | D:4      | HP: 1/35 [burnt (1)]
  2561 | D:4      | Incinerated by a bombardier beetle

Levels and vault maps discovered:
D:1:      wheals_arrival_linesprint, layout_rooms, minmay_tetromino_i4
D:2:      layout_basic, uniq_jessica
D:3:      layout_basic, nicolae_uskayaw_murder_on_the_dancefloor
D:4:      layout_loops_ring, lemuel_crystal_altar, vehumet_statue,
          nicolae_dithmenos_shadow_blocks

Skill      XL: |  1  2  3  4  5  6 |
---------------+-------------------+-----
Ranged Weapons | 6 7 8 9 |  9.2
Dodging        | 3 |  3.1
Fighting       | 2 |  2.0
Armour         | 1 |  1.4
Stealth        | |  1.2

Action                     |  1- 3 |  4- 6 || total
---------------------------+-------+-------++-------
   Fire: Shortbow          |    67 |    80 ||   147
    Use: Scroll            |     4 |    12 ||    16
         Potion            |       |     1 ||     1
 Armour: Leather armour    |     4 |       ||     4
         Robe              |       |    27 ||    27
  Dodge: Dodged            |    10 |    24 ||    34

Table legend:
 A = Non-vault XP
 B = Vault XP
 C = Vault XP percentage of total XP
 D = Non-vault monster count
 E = Vault monster count
 F = Vault count percentage of total count
                 A         B        C        D         E       F
            +---------+---------+-------+---------+---------+-------
      Total |     429 |      72 |  14.4 |      60 |       4 |   6.2
            +---------+---------+-------+---------+---------+-------
        D:1 |      15 |       3 |  16.7 |      10 |       2 |  16.7
        D:2 |      72 |      37 |  33.9 |      28 |       1 |   3.4
        D:3 |     212 |       0 |   0.0 |      14 |       0 |   0.0
        D:4 |     130 |      32 |  19.8 |       8 |       1 |  11.1
            +---------+---------+-------+---------+---------+-------
